 Dungeon Crawl Stone Soup version 0.29.1-1-gd02db6906a (webtiles) character file.

Game seed: 905569291904121874

14 MuMoEnjoyer the Trooper (level 2, -1/24 HPs)
             Began as a Mummy Monk on Oct 17, 2022.
             Hit by a stone thrown by a hobgoblin (2 damage)
             ... on level 1 of the Dungeon.
             The game lasted 00:01:06 (587 turns).

MuMoEnjoyer the Trooper (Mummy Monk)                 Turns: 587, Time: 00:01:07

Health: -1/24      AC:  0    Str: 14    XL:     2   Next: 27%
Magic:  2/2        EV: 12    Int:  9    God:
Gold:   18         SH:  0    Dex: 14    Spells: 1/1 levels left

rFire   x . .      SeeInvis .     - Unarmed
rCold   + . .      Faith    .   (no shield)
rNeg    + + +      Spirit   .   (no body armour)
rPois   ∞          Reflect  .   (no helmet)
rElec   .          Harm     .   (no cloak)
rCorr   .          Rampage  .   (no gloves)
Will    .....                   (no boots)
Stlth   ++........              (no amulet)
HPRegen 0.08/turn               (no ring)
MPRegen 0.08/turn               (no ring)

@: no status effects
A: cold resistance 1, negative energy resistance 3, torment resistance 2, heat
vulnerability 1, no potions
a: no special abilities


You were on level 1 of the Dungeon.
You visited 1 branch of the dungeon, and saw 1 of its levels.

You collected 18 gold pieces.

Inventory:

Scrolls
 a - a scroll of torment


   Skills:
 - Level 3.2 Fighting
 - Level 2.5 Dodging
 - Level 1.6 Stealth
 * Level 2.7 Unarmed Combat


You had one spell level left.
You didn't know any spells.
Your spell library was empty.

Dungeon Overview and Level Annotations

Branches:
Dungeon (1/15)

Altars:


Innate Abilities, Weirdness & Mutations

You are immune to poison.
Your flesh is cold resistant. (rC+)
You are immune to negative energy. (rN+++)
You are immune to unholy pain and torment.
You are vulnerable to heat. (rF-)
You do not drink.


Message History

The ball python bites you. The ball python constricts you.
A hobgoblin comes into view.
The hobgoblin shouts!
You hit the ball python.
You kill the ball python!
You hit the dart slug.
The dart slug is moderately wounded.
The dart slug launches a dart at you. The slug dart hits you.
You are too injured to fight recklessly!
You are too injured to fight recklessly!
You are too injured to fight recklessly!
You are too injured to fight recklessly!
You hit the dart slug but do no damage.
The dart slug is moderately wounded.
The dart slug bites you.
You hit the dart slug.
The dart slug is heavily wounded.
A hobgoblin comes into view.
You hit the dart slug.
The dart slug is heavily wounded.
The dart slug barely misses you.
You hit the dart slug.
You kill the dart slug!
The hobgoblin hits you.
The hobgoblin throws a stone.
The stone hits you.
* * * LOW HITPOINT WARNING * * *
You closely miss the hobgoblin. The hobgoblin barely misses you.
You hit the hobgoblin but do no damage. The hobgoblin hits you.
* * * LOW HITPOINT WARNING * * *
You closely miss the hobgoblin. The hobgoblin hits you.
* * * LOW HITPOINT WARNING * * *
You barely miss the hobgoblin. The hobgoblin barely misses you.
You hit the hobgoblin.
The hobgoblin is heavily wounded.
The hobgoblin misses you.
You closely miss the hobgoblin.
The hobgoblin is heavily wounded.
The hobgoblin throws a stone.
The stone hits you.
You die...

.).... .. #.. .....# ...
#####..# ...# #... #.....###
...# #. ####... .........
...#. #.##.....# ##......#.
...#.##.##.....####.........
..##..#.##.......g..........
...##...##.......g......$...
##.# #..######..@##.........
♣♣.♣##....#.....###.........
♣P..##....÷!##.## #.........
PP.P##....#..#.#####........
..♣♣##....##.....# ##.....#.
♣P♣♣......##.....# ##.###
#####.....###....# .#
##........# #....#
#..###....# #....#


You could see 2 hobgoblins.

Vanquished Creatures
  2 dart slugs (D:1)
  2 ball pythons (D:1)
  A bat (D:1)
  An endoplasm (D:1)
  A giant cockroach (D:1)
  A hobgoblin (D:1)
  A frilled lizard (D:1)
9 creatures vanquished.

Vanquished Creatures (others)
  A plant (D:1)
1 creature vanquished.

Grand Total: 10 creatures vanquished

Notes
Turn   | Place    | Note
-------+----------+-------------------------------------------
     0 | D:1      | MuMoEnjoyer the Mummy Monk began the quest for the Orb.
     0 | D:1      | Reached XP level 1. HP: 18/18 MP: 1/1
   527 | D:1      | Reached XP level 2. HP: 22/24 MP: 2/2
   584 | D:1      | HP: 1/24 [hobgoblin (1)]
   587 | D:1      | Hit by a stone thrown by a hobgoblin

Illustrated notes

Levels and vault maps discovered:
D:1:      dpeg_arrival_houses_and_road, layout_rooms, serial_forest,
          infiniplex_forest_corner_1, infiniplex_forest_straight_2,
          infiniplex_forest_clump_tiny, infiniplex_forest_clump_small,
          st_stairs_9, minmay_pentomino_u2

Action                   || total
-------------------------++-------
Melee: Unarmed           ||    41
  Use: Scroll            ||     3
Dodge: Dodged            ||    22
